 Dungeon Crawl Stone Soup version 0.20.1-1-g8b1a95d (console) character file.

2228 bli the Magician (level 9, 0/68 HPs)
             Began as a Green Draconian Air Elementalist on July 16, 2017.
             Succumbed to a killer bee's poison
             ... on level 7 of the Dungeon.
             The game lasted 00:35:38 (6418 turns).

bli the Magician (Green Draconian Air Elementalist) Turns: 6418, Time: 00:35:39

Health: 0/68       AC: 13    Str: 14    XL:     9   Next: 14%
Magic:  15/20      EV: 13    Int: 18    God:
Gold:   254        SH:  0    Dex: 12    Spells: 14/22 levels left

rFire    . . .     SeeInvis .   a - staff of air
rCold    . . .     Gourm    .   (no shield)
rNeg     . . .     Faith    .   (armour unavailable)
rPois    +         Spirit   .   (helmet restricted)
rElec    +         Reflect  .   v - +2 cloak
rCorr    .         Harm     .   K - +0 pair of gloves
MR       .....                  u - +1 pair of boots
Stlth    ++........             (no amulet)
Regen    0.3/turn               n - ring of loudness (curse)
MPRegen  0.2/turn               G - +3 ring of strength

@: lethally poisoned (0 -> -10), hasted, very quick
A: breathe noxious fumes, unfitting armour, stinger 1, camouflage 1, blurry
vision 2, poison resistance, cold-blooded, AC +7
a: Breathe Noxious Fumes


You were on level 7 of the Dungeon.
You were near starving.

You visited 2 branches of the dungeon, and saw 8 of its levels.

You collected 254 gold pieces.

Inventory:

Hand Weapons
 b - a +4 quarterstaff of chaos
 D - a +2 battleaxe of electrocution
Armour
 h - a +0 pair of gloves
 u - a +1 pair of boots (worn)
 v - a +2 cloak (worn)
 K - a +0 pair of gloves (worn)
 O - a +0 buckler
Magical Staves
 a - an uncursed staff of air (weapon)
Jewellery
 n - a cursed ring of loudness (left hand)
 q - an uncursed ring of resist corrosion
 G - a +3 ring of strength (right hand)
Wands
 F - a wand of lightning (0/15)
 I - a wand of acid (12/15)
 L - a wand of paralysis (12/24)
 N - a wand of random effects (13/48)
Scrolls
 c - a scroll of fear {unknown}
 e - 6 scrolls of remove curse
 i - 3 scrolls of fog {unknown}
 k - 5 scrolls of identify {unknown}
 m - 5 scrolls of teleportation {unknown}
 o - 3 scrolls of magic mapping {unknown}
 p - a scroll of noise {unknown}
 w - 3 scrolls of amnesia {unknown}
 x - a scroll of random uselessness {unknown}
 H - a scroll of enchant weapon {unknown}
 M - a scroll of enchant armour {unknown}
Potions
 f - a potion of haste
 g - 2 potions of agility
 r - a potion of mutation {unknown}
 s - 2 potions of might
 t - a potion of cancellation
 z - a potion of lignification {unknown}
 A - a potion of ambrosia {unknown}
 C - a potion of degeneration {unknown}
 J - a potion of curing {unknown}
Books
 y - a book of Air

   Spells                             Type                      Level
   a - Shock                          Conjuration/Air              1
   b - Swiftness                      Charms/Air                   2
   c - Static Discharge               Conjuration/Air              3
   d - Airstrike                      Air                          4
   e - Lightning Bolt                 Conjuration/Air              5
 B - a book of Conjurations

   Spells                             Type                      Level
   a - Magic Dart                     Conjuration                  1
   b - Searing Ray                    Conjuration                  2
   c - Dazzling Spray                 Conjuration/Hexes            3
   d - Fulminant Prism                Conjuration/Hexes            4
   e - Force Lance                    Conjuration/Translocation    4
   f - Iskenderun's Mystic Blast      Conjuration                  4
Comestibles
 d - 3 meat rations
 j - a royal jelly
 l - 5 fruits
 E - 5 bread rations


   Skills:
 + Level 2.3 Fighting
 + Level 1.5 Staves
 + Level 3.6 Dodging
 + Level 2.5 Stealth
 + Level 7.3 Spellcasting
 + Level 6.7 Conjurations
 + Level 5.0 Air Magic
 + Level 0.4 Evocations


You had 14 spell levels left.
You knew the following spells:

 Your Spells              Type           Power        Failure   Level  Hunger
a - Shock                 Conj/Air       ####         1%          1    None
b - Lightning Bolt        Conj/Air       #####.....   26%         5    #####..
r - Searing Ray           Conj           ####..       1%          2    None


Dungeon Overview and Level Annotations

Branches:
Dungeon (7/15)             Temple (1/1) D:7

Altars:
Ashenzari
Cheibriados
Dithmenos
Elyvilon
Fedhas
Gozag
Hepliaklqana
Kikubaaqudgha
Makhleb
Nemelex Xobeh
Okawaru
Qazlal
Ru
Trog
Uskayaw
Xom
Yredelemnul
Zin
The Shining One


Innate Abilities, Weirdness & Mutations

You can breathe blasts of noxious fumes.
Your lurid green scales are hard. (AC +7)
You cannot fit into any form of body armour.
Your system is resistant to poisons. (rPois)
You are cold-blooded and may be slowed by cold attacks.
Your tail ends in a poisonous barb.
Your skin changes colour to match your surroundings (Stealth+).
Scrolls take you longer to read.


Message History

It was a potion of agility.
You feel agile all of a sudden.
* * * LOW HITPOINT WARNING * * *
You feel sick. Something misses you. Something closely misses you.
You hit something!
Reactivating autopickup.
Your Air Magic skill increases to level 5!
You feel a bit more experienced.
* * * LOW HITPOINT WARNING * * *
You feel sick. The killer bee misses you.
It was a potion of cancellation.
Your magical effects are unravelling.
You feel magically purged.
You feel a little less mighty now.
You feel a little less agile now.
* * * LOW HITPOINT WARNING * * *
You feel sick. The killer bee stings you.
* * * LOW HITPOINT WARNING * * *
The killer bee closely misses you.
It was a potion of haste.
You feel yourself speed up.
You die...

†#.#...............###.#.#.##.#
>.#..##..#.#.......###.#...#..#
.#.#.................#.....#.##
#.#..#####.#################.####
.#.........# #.................
.....####### #.###########.####
###### #.# #.# #.# #.# #<# #.#
#.# #.# #@# #.# #y# #.# #.# ...
........# ........# #........
#........ #......... #######...
#....


You could see a killer bee.

Vanquished Creatures
  Duvessa (D:6)
  An orc warrior (D:7)
  3 ice beasts
  2 sky beasts
  2 phantoms
  2 ogres
  Blork the orc (D:4)
  2 bullfrogs (D:6)
  Dowan (D:6)
  A wyvern skeleton (D:7)
  2 scorpions
  2 killer bees (D:7)
  3 howler monkeys
  3 crimson imps
  A hound (D:4)
  A jelly (D:6)
  Crazy Yiuf (D:4)
  A bullfrog skeleton (D:5)
  2 centaur skeletons
  An iguana (D:4)
  6 worker ants
  A worker ant zombie (D:6)
  5 adders
  2 shadow imps (D:5)
  2 oozes
  An adder skeleton (D:3)
  4 worms
  2 dart slugs
  2 leopard geckos (D:5)
  9 orcs
  5 giant cockroaches
  4 goblins
  4 hobgoblins
  11 jackals
  7 quokkas
  3 ball pythons
  7 bats
  3 frilled lizards
  3 kobolds
  A quokka skeleton (D:5)
  6 rats
121 creatures vanquished.

Notes
Turn   | Place    | Note
-------+----------+-------------------------------------------
     0 | D:1      | bli the Draconian Air Elementalist began the quest for the Orb.
     0 | D:1      | Reached XP level 1. HP: 14/14 MP: 3/3
   257 | D:1      | Reached XP level 2. HP: 20/20 MP: 0/5
  1130 | D:2      | Reached XP level 3. HP: 26/26 MP: 1/7
  1889 | D:2      | Reached skill level 3 in Spellcasting
  2198 | D:3      | Reached XP level 4. HP: 27/33 MP: 1/8
  2307 | D:3      | Found a glowing golden altar of the Shining One.
  2314 | D:3      | Noticed an angel
  2319 | D:3      | Found a basalt altar of Yredelemnul.
  2321 | D:3      | Noticed a profane servitor
  2992 | D:4      | Reached XP level 5. HP: 35/38 MP: 1/10
  3070 | D:4      | Noticed Blork the orc
  3373 | D:4      | Learned a level 2 spell: Searing Ray
  3422 | D:4      | Killed Blork the orc
  3422 | D:4      | Reached XP level 6. HP: 17/45 MP: 0/11
  3432 | D:4      | Reached skill level 4 in Spellcasting
  3546 | D:4      | Found a runed door.
  3610 | D:4      | Noticed Crazy Yiuf
  3615 | D:4      | Killed Crazy Yiuf
  3716 | D:5      | Entered Level 5 of the Dungeon
  3740 | D:5      | Noticed a sky beast
  4000 | D:5      | Your scales start taking on a lurid green colour.
  4000 | D:5      | Reached XP level 7. HP: 51/51 MP: 8/13
  4000 | D:5      | Gained mutation: Your system is resistant to poisons. (rPois) [Green Draconian growth]
  4066 | D:5      | Found a basalt altar of Yredelemnul.
  4073 | D:5      | Reached skill level 1 in Fighting
  4152 | D:5      | Reached skill level 5 in Conjurations
  4154 | D:5      | Reached skill level 5 in Spellcasting
  4273 | D:5      | Found a burning altar of Makhleb.
  4429 | D:5      | Found an ancient bone altar of Kikubaaqudgha.
  4458 | D:5      | Found a snail-covered altar of Cheibriados.
  4489 | D:5      | Gained mutation: Scrolls take you a little longer to read. [mutagenic meat]
  4490 | D:5      | Gained mutation: Your skin changes colour to match your surroundings (Stealth+). [mutagenic meat]
  4491 | D:5      | Gained mutation: Scrolls take you longer to read. [mutagenic meat]
  4492 | D:5      | Gained mutation: Your tail ends in a poisonous barb. [mutagenic meat]
  4498 | D:5      | Found a sacrificial altar of Ru.
  4513 | D:5      | Reached XP level 8. HP: 49/59 MP: 8/16
  4562 | D:5      | Found a hide-covered altar of Uskayaw.
  4684 | D:5      | Found a bloodstained altar of Trog.
  4784 | D:5      | Reached skill level 6 in Spellcasting
  4973 | D:6      | Learned a level 5 spell: Lightning Bolt
  5008 | D:6      | Noticed Duvessa
  5041 | D:6      | Noticed Dowan
  5058 | D:6      | Killed Duvessa
  5073 | D:6      | Killed Dowan
  5118 | D:6      | Reached skill level 7 in Spellcasting
  5557 | D:7      | Found an opulent altar of Gozag.
  5557 | D:7      | Found a white marble altar of Elyvilon.
  5737 | D:7      | Reached skill level 1 in Staves
  5737 | D:7      | Reached XP level 9. HP: 52/67 MP: 10/20
  5891 | D:7      | Found a staircase to the Ecumenical Temple.
  5900 | Temple   | Entered the Ecumenical Temple
  6416 | D:7      | Reached skill level 5 in Air Magic
  6417 | D:7      | HP: 2/68 [killer bee (3)]
  6418 | D:7      | Succumbed to a killer bee's poison

Skill      XL: |  1  2  3  4  5  6  7  8  9 |
---------------+----------------------------+-----
Dodging        | 2 3 |  3.6
Spellcasting   | 3 4 5 7 |  7.3
Conjurations   | 2 3 4 5 6 |  6.7
Stealth        | 2 |  2.5
Fighting       | 1 2 |  2.3
Air Magic      | 4 5 |  5.0
Staves         | 1 |  1.5
Evocations     | |  0.4

Action                   |  1- 3 |  4- 6 |  7- 9 || total
-------------------------+-------+-------+-------++-------
Melee: Unarmed           |     6 |       |       ||     6
       Tailslap          |     3 |     6 |    10 ||    19
       Rapier            |    28 |    57 |    24 ||   109
       Staff             |       |       |    61 ||    61
 Cast: Shock             |    77 |    97 |   147 ||   321
       Searing Ray       |       |     3 |     9 ||    12
Evoke: Wand              |       |       |     5 ||     5
  Use: Scroll            |       |       |     1 ||     1
       Potion            |       |       |     4 ||     4
 Stab: Sleeping          |       |     2 |       ||     2
  Eat: Chunk             |     4 |     6 |    10 ||    20
Armor: Skin              |    35 |    29 |    56 ||   120
Dodge: Dodged            |    42 |    48 |    66 ||   156
